AoeStats
← Death_Rider

Arena

506108447Analyzed
2v2 RM · 20d ago on Sep 12, 2026· 41m 43s· 4 players
Game mode
Random Map
Map size
Medium (4 player)
Population
200
Speed
Normal
Resources
Standard
Victory
Conquest
Starting age
Dark Age
Ending age
Imperial Age
RankedLock teamsTeams togetherTeam positionsShared explorationLock speedFull tech treeHidden civsTurbo modeCheats
Victory
Defeat
🇩🇪 Hindustanis · Germany
953
+14
🇩🇪 Khmer · Germany
902
+17
🇨🇳 Portuguese · China
922
-16
🇨🇳 Cumans · China
901
-15
NIKO
11:29 Feudal Age
13:15 Wheelbarrow
12:28 Double-Bit Axe
13:04 Horse Collar
19:54 Castle Age
18:11 Gold Mining
18:30 Stone Mining
19:21 Padded Archer Armor
21:02 Hand Cart
22:12 Heavy Plow
22:32 Bow Saw
23:23 Leather Archer Armor
23:41 Heavy Plow
27:27 Gold Mining
29:31 Stone Shaft Mining
31:39 Imperial Age
31:20 Ballistics
31:12 Fortified Wall
30:58 Murder Holes
32:12 Masonry
32:53 Crop Rotation
33:34 Two-Man Saw
33:43 Ring Archer Armor
33:06 Fletching
35:02 Chemistry
34:52 Conscription
35:52 Architecture
THELASTPIG
9:54 Feudal Age
10:54 Double-Bit Axe
11:22 Horse Collar
20:01 Castle Age
19:12 Forging
19:16 Bloodlines
19:15 Stone Mining
19:58 Gold Mining
21:28 Wheelbarrow
21:07 Bow Saw
21:00 Heavy Plow
22:42 Iron Casting
24:41 Loom
26:15 Scale Barding Armor
26:22 Pikeman
29:42 Imperial Age
27:12 Capped Ram
28:17 Chain Barding Armor
27:57 Scale Mail Armor
27:48 Fletching
31:16 Cavalier
33:06 Hand Cart
34:02 Halberdier
41:46 Blast Furnace
41:22 Plate Barding Armor
40:43 Bodkin Arrow
Death_Rider
10:08 Feudal Age
10:39 Double-Bit Axe
11:03 Horse Collar
18:58 Castle Age
17:18 Forging
17:57 Scale Barding Armor
18:31 Scale Mail Armor
18:32 Gold Mining
20:42 Squires
20:56 Husbandry
21:27 Loom
21:29 Town Watch
23:42 Bloodlines
25:26 Gold Shaft Mining
26:36 Heavy Plow
26:51 Bow Saw
26:56 Stone Mining
30:25 Imperial Age
27:48 Pikeman
28:51 Fletching
30:57 Ballistics
32:12 Bodkin Arrow
33:20 Chemistry
33:40 Conscription
33:22 Grand Trunk Road
34:34 Iron Casting
35:15 Shatagni
38:34 Wheelbarrow
38:35 Chain Mail Armor
40:06 Two-Man Saw
40:34 Stone Shaft Mining
40:49 Caravan
40:56 Bracer
40:40 Heavy Camel Rider
IRGEY_bin_Salman
10:41 Feudal Age
11:40 Horse Collar
11:49 Double-Bit Axe
18:57 Castle Age
22:18 Bow Saw
24:13 Wheelbarrow
24:07 Gold Mining
28:17 Imperial Age
26:07 Hand Cart
26:36 Heavy Plow
27:22 Bloodlines
28:00 Caravan
29:00 Scale Barding Armor
29:08 Capped Ram
32:30 Conscription
32:40 Siege Ram
34:47 Double Crossbow
35:16 Tusk Swords
36:26 Elite Battle Elephant
39:22 Elite Ballista Elephant
Connection lost

Rejoining the realm…

Still unreachable

The connection could not be restored.

Session expired

The server has moved on; the page needs a fresh start.